 Seeded DCSS version 0.30.0-29-ga12c61a403 (webtiles) character file.

Game seed: 18007716519941398942 (custom seed)

11 Dadbod the Digger (level 2, 19/19 HPs)
             Began as a Formicid Earth Elementalist on June 5, 2023.
             Quit the game on level 1 of the Dungeon.
             The game lasted 00:02:18 (252 turns).

Dadbod the Digger (Formicid Earth Elementalist)      Turns: 252, Time: 00:02:19

Health: 19/19      AC:  5    Str: 12    XL:     2   Next: 35%
Magic:  4/5        EV: 12    Int: 14    God:
Gold:   4          SH:  0    Dex: 14    Spells: 4/5 levels left

rFire   + . .        (no weapon)
rCold   . . .        (no shield)
rNeg    . . .        a - +0 robe
rPois   .            (helmet unavailable)
rElec   .            (no cloak)
rCorr   .            (no gloves)
SInv    +            j - +2 pair of boots of the Albatross {rF+}
Will    .....        (no amulet)
Stlth   ++           (no ring)
HPRegen 0.23/turn    (no ring)
MPRegen 0.09/turn

%: no passive effects
@: no status effects
A: permanent stasis, dig shafts and tunnels, antennae 3, four strong arms
a: Dig, Shaft Self


You were on level 1 of the Dungeon.
You visited 1 branch of the dungeon, and saw 1 of its levels.

You collected 4 gold pieces.

Inventory:

Armour
 a - a +0 robe (worn)
 j - the +2 pair of boots of the Albatross (worn) {rF+}
   (You acquired it on level 1 of the Dungeon)

   rF:        It protects you from fire.
Magical Staves
 i - a staff of earth
Scrolls
 c - a scroll of magic mapping {unknown}
 g - a scroll of fog {unknown}
 h - a scroll of acquirement
Potions
 b - a potion of magic
 d - a potion of berserk rage {unknown}
 e - a potion of attraction {unknown}
 f - 2 potions of heal wounds {unknown}


   Skills:
 + Level 1.9 Dodging
 + Level 2.7 Stealth
 + Level 2.1 Spellcasting
 + Level 1.1 Transmutations
 + Level 4.2 Earth Magic


You had 4 spell levels left.
You knew the following spells:

 Your Spells              Type           Power      Damage    Failure   Level
a - Sandblast             Erth           26%        2d8       4%          1

Your spell library contained the following spells:

 Spells                   Type           Power      Damage    Failure   Level
 Passwall                 Tmut/Erth      6%         N/A       12%         2
 Stone Arrow              Conj/Erth      14%        3d7       30%         3
 Petrify                  Tmut/Erth      8%         N/A       61%         4


Dungeon Overview and Level Annotations

Branches:
Dungeon (1/15)

Altars:


Innate Abilities, Weirdness & Mutations

You cannot be hasted, slowed, berserked, paralysed or teleported.
You can dig through walls and to a lower floor.
You have a pair of large antennae on your head. (SInv)
Your four strong arms can wield two-handed weapons with a shield.


Message History

You don't know that spell.
Casting: Sandblast (safe; 4% risk of failure)
Confirm with . or Enter, or press ? or * to list all spells.
Aiming: Sandblast (safe; 4% risk of failure)
Press: ? - help, Shift-Dir - straight line, f - goblin
Aim: a goblin, wielding a +0 dagger (77% to hit)
The blast of sand hits the goblin!
You kill the goblin!
A frilled lizard comes into view.
Okay, then.
Casting: Sandblast (safe; 4% risk of failure)
Confirm with . or Enter, or press ? or * to list all spells.
Aiming: Sandblast (safe; 4% risk of failure)
Press: ? - help, Shift-Dir - straight line, f - frilled lizard
Aim: a frilled lizard (70% to hit)
The blast of sand hits the frilled lizard!
You kill the frilled lizard!
g - a scroll labelled UNKIPPOYZU An endoplasm comes into view.
Casting: Sandblast (safe; 4% risk of failure)
Confirm with . or Enter, or press ? or * to list all spells.
Aiming: Sandblast (safe; 4% risk of failure)
Press: ? - help, Shift-Dir - straight line, f - endoplasm
Aim: an endoplasm (98% to hit)
The blast of sand hits the endoplasm.
You kill the endoplasm!
Found 3 scrolls labelled DICAOL JAOKK.
Things that are here:
a +0 dagger; a frilled lizard corpse
h - 3 scrolls labelled DICAOL JAOKK This is a scroll of acquirement!
Something appears at your feet!
i - a staff of earth Something appears at your feet!
j - the +2 pair of boots of the Albatross {rF+} You start putting on your armour.
You continue putting on the +2 pair of boots of the Albatross {rF+}. x4
You finish putting on the +2 pair of boots of the Albatross {rF+}.
Unknown command.
Are you sure you want to abandon this character and quit the game? (Confirm with "yes".)

###..#.##########.#
.............(....#
..##.#.############
#.#.# #
#.##############
#..............#
#############.##
#.....#.# #.# #@#.#
#.# #.#)# #.# #.#.#
##.###.#.#
#....).#.#
#..###.#.# #..#
#.#.# #..# ###.#
#..# #.#


There were no monsters in sight!

Vanquished Creatures
  An endoplasm (D:1)
  3 goblins (D:1)
  A hobgoblin (D:1)
  A kobold (D:1)
  A quokka (D:1)
  A ball python (D:1)
  A frilled lizard (D:1)
9 creatures vanquished.

Notes
Turn   | Place    | Note
-------+----------+-------------------------------------------
     0 | D:1      | Dadbod the Formicid Earth Elementalist began the quest for
                  | the Orb.
     0 | D:1      | Reached XP level 1. HP: 13/13 MP: 3/3
   155 | D:1      | Reached skill level 4 in Earth Magic
   155 | D:1      | Reached XP level 2. HP: 19/19 MP: 3/5
   243 | D:1      | Identified 3 scrolls of acquirement
   243 | D:1      | Acquired a staff of earth
   245 | D:1      | Acquired the +2 pair of boots of the Albatross {rF+}
   252 | D:1      | Quit the game

Illustrated notes

Levels and vault maps discovered:
D:1:      psy_arrival_dodecagon, layout_basic,
          dreamdust_ecumenical_altar_sealed_demon

Skill      XL: |  1 |
---------------+----+-----
Earth Magic    | 4 |  4.2
Dodging        | |  1.9
Stealth        | |  2.7
Spellcasting   | |  2.1
Transmutations | |  1.1

Action                     || total
---------------------------++-------
   Cast: Sandblast         ||     9
    Use: Scroll            ||     2
